 Dungeon Crawl Stone Soup version 0.29-a0-923-g6e406bff71 (webtiles) character file.

Game seed: 2169529051811106184

353 IdlyInterested the Cutter (level 6, -7/44 HPs)
             Began as a Demonspawn Wanderer on July 27, 2022.
             Mangled by an ogre
             ... wielding a +0 giant club
              (24 damage)
             ... on level 4 of the Dungeon.
             The game lasted 00:10:27 (2924 turns).

IdlyInterested the Cutter (Demonspawn Wanderer)     Turns: 2924, Time: 00:10:28

Health: -7/44      AC:  9    Str: 13    XL:     6   Next: 35%
Magic:  8/8        EV: 14    Int: 12    God:
Gold:   174        SH:  0    Dex: 15    Spells: 8/8 levels left

rFire   . . .      SeeInvis .   a - +2 short sword
rCold   . . .      Faith    .   (no shield)
rNeg    . . .      Spirit   .   q - +0 ring mail
rPois   .          Reflect  .   (no helmet)
rElec   .          Harm     .   (no cloak)
rCorr   .          Rampage  .   (no gloves)
Will    .....                   c - +1 pair of boots
Stlth   ++........              j - amulet of magic regeneration
HPRegen 0.14/turn               n - +4 ring of evasion
MPRegen 0.51/turn               (no ring)

@: no status effects
A: icy blue scales 1, powered by death 1, demonic touch 1
a: no special abilities


You were on level 4 of the Dungeon.
You visited 1 branch of the dungeon, and saw 4 of its levels.

You collected 174 gold pieces.

Inventory:

Hand Weapons
 a - a +2 short sword (weapon)
 f - a +0 dagger
Missiles
 i - 5 silver javelins
 s - a boomerang (quivered)
Armour
 c - a +1 pair of boots (worn)
 e - a +0 leather armour
 q - a +0 ring mail (worn)
 t - a +0 chain mail
Magical Staves
 k - a staff of poison
Jewellery
 j - an amulet of magic regeneration (around neck)
 n - a +4 ring of evasion (left hand)
Scrolls
 b - a scroll of butterflies
 d - 2 scrolls of blinking
 l - a scroll of identify
 o - a scroll of teleportation
Potions
 g - a potion of curing
 h - a potion of magic
 m - a potion of invisibility
 p - a potion of might


   Skills:
 - Level 2.0 Fighting
 + Level 5.2 Short Blades
 + Level 0.4 Dodging
 * Level 4.2 Stealth
 - Level 2.0 Unarmed Combat
 + Level 1.8 Spellcasting
 - Level 2.0 Conjurations
 - Level 1.0 Evocations


You had 8 spell levels left.
You didn't know any spells.
Your spell library contained the following spells:

 Spells                   Type           Power      Damage    Failure   Level
 Apportation              Tloc           2%         N/A       52%         1
 Necrotise                Necr           4%         1d4       52%         1
 Summon Small Mammal      Summ           4%         N/A       52%         1
 Conjure Flame            Conj/Fire      3%         6-21      77%         3
 Ignite Poison            Fire/Tmut/Pois 1%         N/A       88%         3
 Sticky Flame             Conj/Fire      3%         2d3       99%         4


Dungeon Overview and Level Annotations

Branches:
Dungeon (4/15)
 Temple: D:4-7

Altars:
Sif Muna

Shops:
D:4 [


Innate Abilities, Weirdness & Mutations

You are partially covered in icy blue scales. (AC +2)
You regenerate a little health from kills.
Your touch may inflict minor irresistible damage on your foes.


Message History

You barely miss the ball python.
The ball python is severely wounded.
The ball python closely misses you. The ball python barely misses you.
You hit the ball python.
You kill the ball python!
You hit the endoplasm.
The endoplasm is almost dead.
The endoplasm freezes you.
You are frozen.
You hit the endoplasm.
You kill the endoplasm!
Throw: boomerang
Press: ? - help, Q - select action, (/) - cycle Shift-Dir - straight line, f - ogre
Aim: an ogre, wielding a +0 giant club (74% to hit)
You throw a boomerang. The boomerang hits the ogre.
The ogre is lightly wounded.
You hit the ogre but do no damage.
The ogre is lightly wounded.
The ogre hits you with a +0 giant club!!
Ouch! That really hurt!
* * * LOW HITPOINT WARNING * * *
You hit the ogre.
The ogre is lightly wounded.
You barely miss the ogre.
The ogre is lightly wounded.
The ogre hits you with a +0 giant club!
* * * LOW HITPOINT WARNING * * *
You feel much better. The ogre completely misses you.
You barely miss the ogre.
The ogre is lightly wounded.
You hit the ogre.
The ogre is moderately wounded.
The ogre hits you with a +0 giant club!
You hit the ogre.
The ogre is heavily wounded.
You barely miss the ogre.
The ogre is heavily wounded.
The ogre hits you with a +0 giant club!!
Ouch! That really hurt!
You die...

.......###.#.#####
...###.# #.......#
...###.#####.....#
...##....# #.....#
...##..#.# ##....#
..###..#.# ##.#.#
..###..#.### #.#.#
#......#....##.#.#
#..#............@#
.#.#..###....#.##O.#
#.#..#......#.# .#(#
.#....#.#....#.# #.
.# ...............!
.# .# ###...#.####
..# .. # #.###.#
.... .# #..# # #.#
#. #..##


You could see an ogre.

Vanquished Creatures
  2 howler monkeys (D:4)
  A jelly (D:4)
  A hound (D:4)
  2 orc wizards (D:3)
  4 gnolls
  5 adders
  A shadow imp (D:4)
  A worm (D:3)
  A dart slug (D:1)
  7 orcs
  2 endoplasms
  2 giant cockroaches
  6 goblins
  8 hobgoblins
  7 kobolds
  A quokka (D:1)
  9 ball pythons
  3 bats
  3 frilled lizards (D:1)
  5 rats
71 creatures vanquished.

Notes
Turn   | Place    | Note
-------+----------+-------------------------------------------
     0 | D:1      | IdlyInterested the Demonspawn Wanderer began the quest for
                  | the Orb.
     0 | D:1      | IdlyInterested set off with the following items: a +2 short
                  | sword, a scroll of butterflies, a +0 pair of boots, a
                  | scroll of blinking, a +0 leather armour.
     0 | D:1      | Reached XP level 1. HP: 15/15 MP: 2/2
   157 | D:1      | Reached skill level 1 in Conjurations
   157 | D:1      | Gained mutation: Your touch may inflict minor irresistible
                  | damage on your foes. [demonic ancestry]
   157 | D:1      | Reached XP level 2. HP: 21/21 MP: 3/3
   257 | D:1      | Found a faded altar of an unknown god.
   529 | D:1      | Reached XP level 3. HP: 25/26 MP: 4/4
  1706 | D:3      | Gained mutation: You are partially covered in icy blue
                  | scales. (AC +2) [demonic ancestry]
  1706 | D:3      | Reached XP level 4. HP: 27/33 MP: 5/5
  2018 | D:3      | Reached skill level 1 in Unarmed Combat
  2018 | D:3      | Gained mutation: You regenerate a little health from kills.
                  | [demonic ancestry]
  2018 | D:3      | Reached XP level 5. HP: 30/38 MP: 6/6
  2023 | D:3      | Reached skill level 5 in Short Blades
  2431 | D:3      | Found a shimmering blue altar of Sif Muna.
  2816 | D:4      | Reached XP level 6. HP: 43/44 MP: 8/8
  2830 | D:4      | Found Unice's Armour Boutique.
  2919 | D:4      | HP: 1/44 [ogre/+0 giant club (7)]
  2924 | D:4      | Mangled by an ogre

Illustrated notes

Levels and vault maps discovered:
D:1:      lemuel_arrival_hallway, layout_loops_ring,
          chequers_ecumenical_altar_island, serial_rivers,
          chequers_serial_rivers_small_3, chequers_serial_rivers_micro_b,
          chequers_serial_rivers_small_a, chequers_serial_rivers_marsh
D:2:      layout_rooms, serial_bayou_crossing
D:3:      layout_loops_ring, led_sif_book
D:4:      layout_basic, mainiacjoe_overflow_catwalk,
          mainiacjoe_overflow_alcove_2, serial_shops, shop, minmay_hedge_maze,
          dreamdust_princess_bridge, minmay_manual_mess

Skill      XL: |  1  2  3  4  5 |
---------------+----------------+-----
Stealth        | 2 3 4 |  4.2
Conjurations   | 1 2 |  2.0
Fighting       | 2 |  2.0
Unarmed Combat | 1 2 |  2.0
Short Blades   | 5 |  5.2
Dodging        | |  0.4
Spellcasting   | |  1.8
Evocations     | |  1.0

Action                   |  1- 3 |  4- 6 || total
-------------------------+-------+-------++-------
Melee: Short sword       |    76 |   125 ||   201
       Touch             |    13 |    27 ||    40
       Punch             |       |     1 ||     1
Throw: Boomerang         |       |     1 ||     1
  Use: Scroll            |     5 |     5 ||    10
       Potion            |     1 |     1 ||     2
 Stab: Sleeping          |     5 |     3 ||     8
Armor: Leather armour    |    16 |     6 ||    22
       Ring mail         |       |    24 ||    24
Dodge: Dodged            |    29 |    62 ||    91

Table legend: (Time is in decaauts)
 A = Elapsed time spent in this place.
 B = Non-inter-level travel time spent in this place.
 C = Inter-level travel time spent in this place.
 D = Time resting spent in this place.
 E = Time spent auto-exploring this place.
 F = Levels seen in this place.
 G = Mean time per level.
                   A        B        C        D        E       F      G
               +--------+--------+--------+--------+--------+-----+--------+
         Total |   2920 |   2467 |    453 |    266 |   1509 |   4 |  730.0 |
       Dungeon |   2920 |   2467 |    453 |    266 |   1509 |   4 |  730.0 |
               +--------+--------+--------+--------+--------+-----+--------+

Top non-repeatable levels by time:
     D:1: 1103 daAuts
     D:3: 1059 daAuts
     D:2: 545 daAuts
     D:4: 212 daAuts
